 Dungeon Sprint DCSS version 0.22-b1-26-g9dbaab1 (webtiles) character file.

441 iamserjio the Cleaver (level 6, -7/94 HPs)
             Began as a Minotaur Berserker on Aug 6, 2018.
             Was a Believer of Trog.
             Mangled by Sonja
             ... wielding a +2 short sword of distortion
              (17 damage)
             ... in the Dungeon (Sprint I: "Red Sonja").
             The game lasted 00:02:40 (486 turns).

iamserjio the Cleaver (Minotaur Berserker)           Turns: 486, Time: 00:02:40

Health: -7/94      AC: 12    Str: 29    XL:     6   Next: 71%
Magic:  5/5        EV:  6    Int:  4    God:    Trog [**....]
Gold:   0          SH: 13    Dex:  9    Spells: 5/5 levels left

rFire    . . .     SeeInvis .   a - +0 hand axe
rCold    . . .     Gourm    .   m - +0 large shield
rNeg     . . .     Faith    .   n - +0 chain mail
rPois    .         Spirit   .   (helmet restricted)
rElec    .         Reflect  .   (no cloak)
rCorr    .         Harm     .   k - +0 pair of gloves
MR       ++...     NoTele   +   (no boots)
Stlth    ..........             (no amulet)
HPRegen  1.25/turn              (no ring)
MPRegen  0.09/turn              (no ring)

@: berserking (expiring), lethally poisoned (-7 -> -7), starving, regenerating,
slowed
A: retaliatory headbutt, horns 2
a: Berserk, Trog's Hand, Renounce Religion


You were in the Dungeon.
You worshipped Trog.
Trog was pleased with you.
You were starving.

You visited 1 branch You collected 297 gold pieces.
You spent 297 gold pieces at shops.

Inventory:

Hand Weapons
 a - a +0 hand axe (weapon)
Armour
 b - a +0 animal skin
 j - a +0 leather armour
 k - a +0 pair of gloves (worn)
 l - a +2 robe
 m - a +0 large shield (worn)
 n - a +0 chain mail (worn)
Scrolls
 i - a scroll of blinking
Potions
 d - 2 potions of curing {@q1}
 e - a potion of heal wounds
 f - a potion of haste
 g - 2 potions of magic
 h - a potion of berserk rage
Comestibles
 c - a ration


   Skills:
 + Level 9.1 Fighting
 * Level 11.0 Axes
 + Level 8.7 Armour
 - Level 6.8 Dodging
 * Level 0.0 Shields


You had 5 spell levels left.
You didn't know any spells.
Your spell library was empty.

Dungeon Overview and Level Annotations

Branches:
Dungeon (1/1)

Altars:
Cheibriados
Dithmenos
Elyvilon
Fedhas
Gozag
Hepliaklqana
Kikubaaqudgha
Nemelex Xobeh
Okawaru
Qazlal
Ru
Sif Muna
Trog
Uskayaw
Vehumet
Wu Jian
Yredelemnul
Zin
The Shining One

Shops:
D [

Annotations:
D Sonja


Innate Abilities, Weirdness & Mutations

You reflexively headbutt those who attack you in melee.
You have a pair of horns on your head.


Message History

Sonja hits you but does no damage. Space warps horribly around you!
You slash Sonja!
Sonja is moderately wounded.
You feel sick. You block Sonja's attack. x3
Sonja hits you but does no damage. Space bends around you.
Sonja closely misses you. Sonja hits you but does no damage.
You closely miss Sonja. Your headbutt misses Sonja.
Sonja is moderately wounded.
You feel the effects of Trog's Hand fading.
You feel sick. Sonja hits you but does no damage.
Space warps horribly around you!
* * * LOW HITPOINT WARNING * * *
Sonja hits you but does no damage. Space bends around you.
* * * LOW HITPOINT WARNING * * *
Sonja hits you but does no damage. Space warps horribly around you!
You die...

#<.#..').#..'..#
#..').#..').#..+
#..#####'#####'#
#..####..#...#)#
#..#__####..##.#
#..#_____##'#_.+
#⌠⌠#_.∩...'..._#
####_..__##_(#+#
#_____###@#
####### #K# $.$
#$.$# ##.## #+#


You could see Sonja.

Vanquished Creatures
  Sigmund (D)
  A yak (D)
  An ogre (D)
  A jelly (D)
  Ijyb (D)
5 creatures vanquished.

Notes
Turn   | Place    | Note
-------+----------+-------------------------------------------
     0 | D        | iamserjio the Minotaur Berserker began the quest for the Orb.
     0 | D        | Reached XP level 1. HP: 19/19 MP: 0/0
     1 | D        | Noticed Ijyb
     8 | D        | Killed Ijyb
     8 | D        | Reached skill level 5 in Fighting
     8 | D        | Reached skill level 5 in Axes
     8 | D        | Reached XP level 2. HP: 29/29 MP: 1/1
    53 | D        | Noticed an ogre
    58 | D        | Killed an ogre
    58 | D        | Reached skill level 6 in Axes
    58 | D        | Reached skill level 5 in Armour
    58 | D        | Reached skill level 5 in Dodging
    58 | D        | Reached XP level 3. HP: 38/38 MP: 2/2
    58 | D        | Reached XP level 4. HP: 45/45 MP: 3/3
   120 | D        | Noticed Sigmund
   128 | D        | Killed Sigmund
   128 | D        | Reached ** piety under Trog
   128 | D        | Reached skill level 9 in Axes
   128 | D        | Reached XP level 5. HP: 44/53 MP: 4/4
   276 | D        | Found a deep blue altar of Sif Muna.
   277 | D        | Found an ornate altar of the Wu Jian Council.
   278 | D        | Found a radiant altar of Vehumet.
   281 | D        | Reached XP level 6. HP: 56/61 MP: 5/5
   316 | D        | Found Itounire's Antique Armour Emporium.
   316 | D        | Found an ancient bone altar of Kikubaaqudgha.
   316 | D        | Found a hazy altar of Hepliaklqana.
   316 | D        | Found a hide-covered altar of Uskayaw.
   316 | D        | Found a basalt altar of Yredelemnul.
   316 | D        | Found an opulent altar of Gozag.
   316 | D        | Found a snail-covered altar of Cheibriados.
   316 | D        | Found a sacrificial altar of Ru.
   316 | D        | Found a shadowy altar of Dithmenos.
   316 | D        | Noticed a yak
   323 | D        | Killed a yak
   323 | D        | Reached skill level 11 in Axes
   324 | D        | Found a stormy altar of Qazlal.
   324 | D        | Found a blossoming altar of Fedhas.
   324 | D        | Found a bloodstained altar of Trog.
   324 | D        | Found an iron altar of Okawaru.
   324 | D        | Found a glowing golden altar of the Shining One.
   324 | D        | Found a glowing silver altar of Zin.
   324 | D        | Found a white marble altar of Elyvilon.
   325 | D        | Found a sparkling altar of Nemelex Xobeh.
   448 | D        | Bought a pair of gloves for 99 gold pieces
   448 | D        | Bought a large shield for 99 gold pieces
   448 | D        | Bought a chain mail for 99 gold pieces
   474 | D        | Noticed Sonja
   486 | D        | Mangled by Sonja

Skill      XL: |  1  2  3  4  5  6 |
---------------+-------------------+-----
Fighting       | 5 6 7 8 9 |  9.1
Axes           | 5 6 9 11 | 11.0
Armour         | 4 5 7 8 |  8.7
Dodging        | 3 5 6 |  6.8

Action                   |  1- 3 |  4- 6 || total
-------------------------+-------+-------++-------
Melee: Hand axe          |     8 |    20 ||    28
       Headbutt          |       |     4 ||     4
Invok: Berserk           |     2 |     3 ||     5
       Trog's Hand       |       |     1 ||     1
  Eat: Chunk             |       |     2 ||     2
Armor: Robe              |       |     1 ||     1
       Chain mail        |       |     9 ||     9
Dodge: Dodged            |     4 |     4 ||     8
Block: Large shield      |       |    13 ||    13
